 Dungeon Crawl Stone Soup version 0.29-a0-367-gc2b5878c41 (webtiles) character file.

Game seed: 10494025312768374132

140886 Lekart the Warrior (level 16, -11/141 HPs)
             Began as a Black Draconian Chaos Knight on Apr 30, 2022.
             Was a Plaything of Xom.
             Mangled by Mara
             ... wielding a +2 antimagic demon blade
              (21 damage)
             ... on level 3 of the Spider Nest on May 1, 2022.
             The game lasted 01:28:21 (30743 turns).

Lekart the Warrior (Black Draconian Chaos Knight)  Turns: 30743, Time: 01:28:22

Health: -11/141    AC: 21    Str: 21    XL:     16   Next: 76%
Magic:  9/23       EV: 18    Int: 22    God:    Xom [..*...]
Gold:   3625       SH:  0    Dex: 19    Spells: 23/25 levels left

rFire   . . .      SeeInvis +   k - +6 halberd "Ussi Gua" {chaos, rElec rF- Will++ SInv}
rCold   + + +      Faith    .   (shield currently unavailable)
rNeg    . . .      Spirit   .   (body armour unavailable)
rPois   +          Reflect  .   z - +2 hat {Stlth+}
rElec   +          Harm     .   J - +2 cloak
rCorr   .          Rampage  .   F - +2 pair of gloves {hurl}
Will    +++..                   n - +2 pair of boots {Stlth+}
Stlth   +++++.....              u - amulet "Usasenid" {Regen+ Dex+2}
HPRegen 1.13/turn               y - ring of Midsummer {rF+ rC+ Str+6}
MPRegen 0.18/turn               x - ring "Hyahitunt" {rPois rC+ Int+6 Stlth+}

@: flying
A: breathe lightning, AC +9, unfitting armour, big wings, electricity
resistance, cold-blooded, talons 1, clever 1, cold resistance 1, frail 1, sense
surroundings 1, screaming 1, shaggy fur 1, wild magic 1, evolution 1, MP-powered
wands, noise suppression
a: Breathe Lightning, Renounce Religion


You were on level 3 of the Spider Nest.
You worshipped Xom.
You were a toy of Xom.
You visited 6 branches of the dungeon, and saw 29 of its levels.
You visited the Abyss 1 time.
You also visited: Bailey, Gauntlet and Ice Cave.

You collected 6755 gold pieces.
You spent 3130 gold pieces at shops.

Inventory:

Hand Weapons
 a - the +8 storm bow {elec, penet}
   (You found it on level 1 of the Orcish Mines)

   Any ammunition fired from it occasionally discharges a powerful burst of
   electricity upon striking a foe.
   Any ammunition fired by it passes through the targets it hits, potentially
   hitting all targets in its path until it reaches maximum range.
 d - the +6 battleaxe "Neipn" {flame, Dex+5}
   (You found it on level 14 of the Dungeon)

   It burns those it strikes, dealing additional fire damage.
   Big, fiery blades are also staple armaments of hydra-hunters.
   Dex:       It affects your dexterity (+5).
 e - the +9 long sword "Hoqofes" {chaos, rN++ Stlth+}
   (You bought it in a shop on level 2 of the Orcish Mines)

   Each time it hits an enemy it has a different, random effect.
   rN:        It greatly protects you from negative energy.
   Stlth:     It makes you more stealthy.
 k - the +6 halberd "Ussi Gua" (weapon) {chaos, rElec rF- Will++ SInv}
   (Xom gifted it to you on level 2 of the Dungeon)

   Each time it hits an enemy it has a different, random effect.
   rF:        It makes you vulnerable to fire.
   rElec:     It insulates you from electricity.
   SInv:      It lets you see invisible.
   Will:      It greatly increases your willpower.
Armour
 n - a +2 pair of boots of stealth (worn)
 z - a +2 hat of stealth (worn)
 B - a +0 leather armour
 F - a +2 pair of gloves of hurling (worn)
 G - a +3 tower shield of fire resistance
 J - a +2 cloak (worn)
Jewellery
 f - the ring of the Mage {Wiz Archmagi}
   (You bought it in a shop on level 2 of the Dungeon)

   [ring of wizardry]

   It improves your spell success rate.
   Archmagi:  It increases the power of your magical spells.
 g - a ring of fire
 u - the amulet "Usasenid" (around neck) {Regen+ Dex+2}
   (You found it in a Gauntlet)

   [amulet of regeneration]

   Dex:       It affects your dexterity (+2).
   Regen:     It increases your rate of health regeneration.
 x - the ring "Hyahitunt" (right hand) {rPois rC+ Int+6 Stlth+}
   (Xom gifted it to you on level 5 of the Dungeon)

   [ring of intelligence]

   Int:       It affects your intelligence (+6).
   rC:        It protects you from cold.
   rPois:     It protects you from poison.
   Stlth:     It makes you more stealthy.
 y - the ring of Midsummer (left hand) {rF+ rC+ Str+6}
   (You found it on level 2 of the Lair of Beasts)

   [ring of strength]

   Str:       It affects your strength (+6).
   rF:        It protects you from fire.
   rC:        It protects you from cold.
Wands
 o - a wand of paralysis (9)
 q - a wand of iceblast (26)
 v - a wand of polymorph (13)
 H - a wand of mindburst (12)
Scrolls
 h - 5 scrolls of amnesia
 p - 2 scrolls of brand weapon
 E - 2 scrolls of fog
 I - 2 scrolls of silence
 Q - 2 scrolls of teleportation
Potions
 c - a potion of ambrosia
 i - 2 potions of might
 j - 3 potions of magic
 l - 11 potions of curing
 m - 2 potions of brilliance
 r - 4 potions of berserk rage
 w - 3 potions of heal wounds
 L - 4 potions of haste
 M - 5 potions of mutation
 O - 2 potions of resistance
 R - a potion of invisibility
Miscellaneous
 b - a piece from Xom's chessboard (13/15)
 N - a phantom mirror
 T - a box of beasts (inert)
 W - a condenser vane (inert)


   Skills:
 - Level 17.8 Fighting
 - Level 4.9 Long Blades
 - Level 5.4(12.1) Axes
 - Level 16.7(17.0) Polearms
 - Level 2.0 Bows
 - Level 2.5 Throwing
 - Level 9.7 Dodging
 + Level 12.6 Shields
 - Level 0.7 Unarmed Combat
 - Level 5.0 Spellcasting
 - Level 4.8 Hexes
 - Level 5.0 Ice Magic
 - Level 4.6 Evocations


You had 23 spell levels left.
You knew the following spells:

 Your Spells              Type           Power      Damage    Failure   Level
a - Ensorcelled Hibernat  Hex/Ice        70%        N/A       3%          2

Your spell library contained the following spells:

 Spells                   Type           Power      Damage    Failure   Level
 Magic Dart               Conj           28%        1d4       14%         1
 Summon Small Mammal      Summ           28%        N/A       14%         1
 Portal Projectile        Hex/Tloc       42%        N/A       16%         3
 Summon Guardian Golem    Hex/Summ       21%        N/A       16%         3
 Blink                    Tloc           14%        N/A       22%         2
 Call Imp                 Summ           7%         N/A       22%         2
 Call Canine Familiar     Summ           7%         N/A       38%         3
 Gell's Gravitas          Tloc           7%         N/A       38%         3
 Lesser Beckoning         Tloc           7%         N/A       38%         3
 Mephitic Cloud           Conj/Pois/Air  7%         N/A       38%         3
 Teleport Other           Tloc           7%         N/A       38%         3
 Hailstorm                Conj/Ice       21%        3d6       43%         4
 Ice Form                 Ice/Tmut       21%        N/A       43%         4
 Summon Mana Viper        Hex/Summ       21%        N/A       78%         5
 Freezing Cloud           Conj/Ice/Air   8%         6-21      86%         5
 Blade Hands              Tmut           3%         N/A       97%         5
 Iskenderun's Battlesphe  Conj           7%         2d6       97%         5
 Manifold Assault         Tloc           7%         N/A       97%         5
 Summon Forest            Summ/Tloc      3%         N/A       97%         5
 Dispersal                Tloc           3%         N/A       100%        6
 Iron Shot                Conj/Erth      3%         9d2       100%        6
 Simulacrum               Ice/Necr       10%        N/A       100%        6
 Summon Cactus Giant      Summ           3%         N/A       100%        6
 Orb of Destruction       Conj           3%         9d5       100%        7
 Spellforged Servitor     Conj/Summ      3%         N/A       100%        7
 Summon Hydra             Summ           3%         N/A       100%        7
 Discord                  Hex            17%        N/A       100%        8
 Polar Vortex             Ice            18%        N/A       100%        9
 Animate Armour           Summ/Erth      Unusable   N/A       N/A         4

Dungeon Overview and Level Annotations

Branches:
Dungeon (15/15)            Temple (1/1) D:6            Lair (6/6) D:8
  Swamp (0/4) Lair:3       Spider (4/4) Lair:2        Slime (0/5) Lair:6
    Orc (2/2) D:9             Elf (0/3) Orc:2        Vaults (0/5) D:14
 Depths (1/4) D:15         Bailey (visited)           IceCv (visited)
Gauntlet (visited)

Altars:
Ashenzari
Cheibriados
Dithmenos
Elyvilon
Fedhas
Gozag
Hepliaklqana
Kikubaaqudgha
Makhleb
Nemelex Xobeh
Okawaru
Qazlal
Ru
Sif Muna
Trog
Uskayaw
Vehumet
Wu Jian
Xom
Yredelemnul
Zin
The Shining One
Beogh
Jiyva

Shops:
D:2 =   D:3 :   D:4 [   D:15 [   Orc:2 (****=

Annotations:
D:12 Rupert
D:13 Kirke
Lair:2 3 runed translucent doors, ouz's ghost, journeyman VSBr
Spider:3 Mara


Innate Abilities, Weirdness & Mutations

You can breathe wild blasts of lightning.
Your glossy black scales are hard. (AC +9)
You cannot fit into any form of body armour.
Your large and strong wings let you fly.
You are resistant to electric shocks. (rElec)
You are cold-blooded and may be slowed by cold attacks.
You have sharp toenails.
Your mind is acute. (Int +2)
Your flesh is cold resistant. (rC+)
You are frail. (-10% HP)
You passively map a small area around you.
You occasionally shout uncontrollably at your foes.
You are covered in fur. (AC +1)
Your spells are a little harder to cast, but a little more powerful.
You have hidden genetic potential.
You expend magic power (3 MP) to strengthen your wands.
You passively dampen the noise of your surroundings.


Message History

Mara is severely wounded.
The culicivora is engulfed in noxious fumes. x2
The culicivora falls into the water!
The culicivora drowns.
You hit Mara.
Mara is severely wounded.
Xom opens a gate.
You are now a toy of Xom.
The culicivora is engulfed in noxious fumes.
Mara hits you with a +2 antimagic demon blade!
You feel your power leaking away.
Mara hits you with a +2 antimagic demon blade!
You feel your power leaking away. Mara misses you.
You barely miss Mara.
Your tail-slap misses Mara.
Mara is severely wounded. "How about this?"
Your hat leaps into the air, briefly spins, then lands back on your head!
The culicivora is engulfed in noxious fumes.
Mara barely misses you.
Mara blinks!
Mara gestures at you. The bolt of fire misses you.
You closely miss Mara. You tail-slap Mara.
Mara is severely wounded.
The culicivora is engulfed in noxious fumes.
The culicivora appears confused.
Your crimson imp misses Mara.
Mara closely misses you.
Mara blinks!
Mara gestures at you. The bolt of fire hits you!!!
* * * LOW HITPOINT WARNING * * *
You feel much better.
Your crimson imp closely misses Mara.
Mara gestures at you. The bolt of fire hits you!!
* * * LOW HITPOINT WARNING * * *
Mara misses you.
As you read the scroll of fear, it crumbles to dust.
You assume a fearsome visage.
Mara resists with some effort.
Mara resists with almost no effort. x2; Your crimson imp closely misses Mara.
Mara hits you with a +2 antimagic demon blade!!
You die...
Xom chortles!

***,,,*,,*,,,**,,,***
*,^^,^,***,,,*,,,,,*
**,,,,,*,,,,,**,,,**#*
*###***,,,**,,,**,,,,,§§*
##.##*,,,,****,,***,,§§**
#...#^,*,**########,§#,,*
##..########≈≈.#.≈#..##,*
.^.......[#.#.R.§§§...#**
........(.....#^@R5#.##
..>#....#.....#R##§#**
.^.#.#^.###.#.≈≈≈≈*#
.#^≈#≈### #≈≈≈≈≈≈#*
#≈≈≈≈≈# ##≈#≈≈#≈# #≈##≈##
#≈≈≈≈≈## ###### ##≈≈≈≈#
######


You could see 3 Maras and a friendly crimson imp (summoned).

Vanquished Creatures
  Saint Roka (Orc:2)
  Asterion (Spider:1)
  Gastronok (Lair:2)
  Aizul (Spider:2)
  A ghost moth (Spider:3)
  A broodmother (Spider:2)
  3 ettins
  Josephine (D:13)
  5 hydras
  Erolcha (Orc:2)
  7 boulder beetles
  2 jorogumos
  Fannar (Orc:1)
  4 centaur warriors
  3 catoblepae
  4 two-headed ogres
  4 death yaks (Lair:6)
  A vampire mage (D:15)
  5 tengu warriors (D:15)
  Urug (D:13)
  Sonja (Orc:2)
  A sixfirhy (Gauntlet)
  2 sun moths (Spider:2)
  A deep troll (D:15)
  3 pharaoh ants
  3 orb spiders
  A bog body (IceCv)
  A necromancer (IceCv)
  Pikel (D:4)
  A wizard (D:14)
  3 stone giant zombies (Orc:1)
  2 lindwurms
  6 wolf spiders
  A wolf spider (shapeshifter) (Lair:6)
  4 manticores
  An oklob plant (Lair:4)
  An orc sorcerer (Orc:2)
  2 deep elf pyromancers
  8 orc knights
  18 ugly things
  16 cyclopes
  A guardian serpent (shapeshifter) (Lair:6)
  Maurice (D:9)
  An elephant (shapeshifter) (D:10)
  2 ice statues (IceCv)
  3 torpor snails
  7 black mambas
  7 gargoyles
  2 molten gargoyles (Gauntlet)
  3 rime drakes
  6 cane toads
  11 komodo dragons
  3 yaktaurs (D:15)
  An anaconda simulacrum (IceCv)
  A demonic crawler (Spider:2)
  5 ice devils (IceCv)
  A freezing wraith (IceCv)
  2 unseen horrors
  3 tengu conjurers (D:15)
  3 kobold demonologists (D:10)
  4 entropy weaver simulacra (IceCv)
  3 trolls (shapeshifter)
  3 trolls
  9 polar bears (Lair:6)
  3 hornets
  2 raiju (Lair:6)
  A wind drake (Lair:6)
  A tarantella (shapeshifter) (D:5)
  18 blink frogs
  10 tarantellas
  5 dream sheep (Lair:6)
  15 culicivoras
  A culicivora (shapeshifter) (Orc:2)
  6 jumping spiders (Spider:1)
  A fire elemental (Lair:6)
  A wyvern (D:9)
  3 dire elephant simulacra (IceCv)
  5 wraiths
  A vampire (D:13)
  5 hogs
  A spriggan (shapeshifter) (Lair:6)
  16 humans (D:14)
  3 shadows
  2 fire bats (Orc:1)
  50 yaks
  11 vampire mosquitoes
  A basilisk (Lair:3)
  2 death yak simulacra
  26 redbacks
  18 wargs
  2 harpy simulacra (IceCv)
  12 water moccasins
  15 hell hounds (Lair:6)
  2 sky beasts
  An ice beast (D:7)
  11 black bears
  35 wolves
  15 ogres
  38 orc warriors
  5 boggarts (D:14)
  6 centaurs
  A phantom (D:6)
  4 lemures (D:4)
  12 bullfrogs
  2 kobold brigands
  A necrophage (D:7)
  4 scorpions
  5 cane toad simulacra
  A cyclops zombie (Orc:1)
  4 killer bees (D:10)
  2 elephant simulacra (Lair:6)
  6 electric eels
  4 howler monkeys
  15 orc priests
  3 hounds
  4 jellies
  5 iguanas
  20 orc wizards
  4 hell rats (Lair:6)
  A troll simulacrum (IceCv)
  A wolf simulacrum (Lair:6)
  4 gnolls
  10 adders
  A shadow imp (D:7)
  A white imp (D:8)
  4 ufetubi
  5 worms
  5 dart slugs
  87 orcs
  9 bats
  6 endoplasms
  A giant cockroach (D:3)
  6 goblins
  12 hobgoblins
  5 jackals (D:1)
  4 quokkas
  2 ball pythons
  8 frilled lizards
  16 kobolds
  9 rats
851 creatures vanquished.

Vanquished Creatures (collateral kills)
  Agnes (Spider:2)
  A fire giant (Orc:1)
  A broodmother (Spider:2)
  A minotaur (Gauntlet)
  An orc knight (Orc:2)
  A wolf spider (Spider:2)
  2 kobold demonologists (Bailey)
  3 tarantellas (Spider:2)
  2 culicivoras (Spider:2)
  3 yaks (Lair:4)
  5 redbacks (Spider:2)
  A warg (Orc:2)
  A water moccasin (Lair:1)
  12 orc warriors
  2 black bears
  An ice beast (D:6)
  Blork the orc (D:6)
  A kobold brigand (D:6)
  2 bullfrogs
  An electric eel (Bailey)
  A hound (D:6)
  2 orc priests (D:9)
  An iguana (D:6)
  3 orc wizards
  2 gnolls (Bailey)
  A white imp (D:6)
  22 orcs
  3 goblins (Bailey)
  6 hobgoblins
  5 kobolds (D:6)
89 creatures vanquished.

Vanquished Creatures (others)
  2 dancing weapons
  A wizard (D:15)
  A blink frog (Lair:1)
  2 yaks (Lair:6)
  4 redbacks (Spider:2)
  A warg (Orc:2)
  A lemure (D:4)
  An orc (Orc:2)
  27 fungi
  99 plants
139 creatures vanquished.

Grand Total: 1079 creatures vanquished

Notes
Turn   | Place    | Note
-------+----------+-------------------------------------------
     0 | D:1      | Lekart the Draconian Chaos Knight began the quest for the
                  | Orb.
     0 | D:1      | Reached XP level 1. HP: 19/19 MP: 1/1
    24 | D:1      | XOM: smoke on damage
   294 | D:1      | Reached XP level 2. HP: 26/26 MP: 2/2
   330 | D:1      | XOM: silly message
   365 | D:1      | XOM: cloud trail
   570 | D:1      | XOM: 4-stop teleportation journey
   613 | D:1      | Reached XP level 3. HP: 24/33 MP: 3/3
   614 | D:1      | XOM: god gift: staff of cold
   643 | D:1      | XOM: give mutation
   643 | D:1      | Gained mutation: Your mind is acute. (Int +2) [Xom's grace]
   677 | D:1      | XOM: give mutations
   677 | D:1      | Gained mutation: You have hidden genetic potential. [Xom's
                  | grace]
   677 | D:1      | Gained mutation: Your large and strong wings let you fly.
                  | [Xom's grace]
   730 | D:1      | XOM: god gift: 16 stones
  1058 | D:2      | XOM: give mutations
  1058 | D:2      | Gained mutation: You have an increased reservoir of magic.
                  | (+10% MP) [Xom's grace]
  1058 | D:2      | Gained mutation: You have large cloven feet. [Xom's grace]
  1135 | D:2      | Found a faded altar of an unknown god.
  1185 | D:2      | Identified the +6 halberd "Ussi Gua" {spect, rElec rF-
                  | Will++ SInv} (Xom gifted it to you on level 2 of the
                  | Dungeon)
  1185 | D:2      | XOM: god gift: +6 halberd "Ussi Gua" {chaos, rElec rF-
                  | Will++ SInv}
  1337 | D:2      | Got Cuaw's Guide on Hexes
  1463 | D:2      | Found Munol's Jewellery Emporium.
  1734 | D:2      | Identified a scroll of acquirement
  1734 | D:2      | Acquired 605 gold pieces
  1739 | D:2      | Bought the ring of the Mage {Wiz Archmagi} for 510 gold
                  | pieces
  1739 | D:2      | Found the ring of the Mage {Wiz Archmagi}
  1745 | D:2      | Learned a level 2 spell: Ensorcelled Hibernation
  1753 | D:3      | Found Pywas's Book Emporium.
  1799 | D:3      | Reached XP level 4. HP: 40/40 MP: 1/4
  1811 | D:2      | Gained mutation: You have a pair of small antennae on your
                  | head. [hidden potential]
  1859 | D:3      | Reached skill level 1 in Polearms
  1931 | D:3      | XOM: smoke on damage
  2019 | D:3      | Reached skill level 4 in Fighting
  2397 | D:3      | Found a shadowy altar of Dithmenos.
  2689 | D:3      | XOM: god gift: 53 gold pieces
  2724 | D:3      | Found a glowing golden altar of the Shining One.
  2789 | D:3      | Upgraded the game from 0.29-a0-364-g921d912d32 to
                  | 0.29-a0-367-gc2b5878c41
  2833 | D:4      | XOM: give mutations
  2833 | D:4      | Gained mutation: You have a beak for a mouth. [Xom's grace]
  2833 | D:4      | Gained mutation: You are covered in fur. (AC +1) [Xom's
                  | grace]
  2833 | D:4      | Lost mutation: You have large cloven feet. [Xom's grace]
  2833 | D:4      | Gained mutation: You have sharp toenails. [Xom's grace]
  2877 | D:4      | Noticed a scorpion
  2882 | D:4      | Killed a scorpion
  2883 | D:4      | Reached XP level 5. HP: 42/46 MP: 4/6
  2902 | D:4      | Gained mutation: You passively map a small area around you.
                  | [hidden potential]
  2902 | D:4      | Lost mutation: You have hidden genetic potential. [hidden
                  | potential expressed]
  2910 | D:4      | Noticed a lemure
  2910 | D:4      | Noticed a lemure
  2913 | D:4      | Noticed a lemure
  2915 | D:4      | Noticed a lemure
  2916 | D:4      | Killed a lemure
  2919 | D:4      | Killed a lemure
  2919 | D:4      | Noticed Pikel
  2922 | D:4      | Killed a lemure
  2922 | D:4      | Killed a lemure
  2928 | D:4      | XOM: cleaving
  2931 | D:4      | Killed Pikel
  2931 | D:4      | Killed a lemure
  2932 | D:4      | Reached skill level 5 in Polearms
  2932 | D:4      | Reached skill level 1 in Spellcasting
  2932 | D:4      | Reached skill level 1 in Hexes
  2932 | D:4      | Reached skill level 1 in Ice Magic
  2932 | D:4      | Reached XP level 6. HP: 19/53 MP: 6/8
  2932 | D:4      | Your scales start taking on a glossy black colour.
  2932 | D:4      | Reached XP level 7. HP: 21/60 MP: 6/9
  2932 | D:4      | Gained mutation: You are resistant to electric shocks.
                  | (rElec) [Black Draconian growth]
  3286 | D:4      | XOM: give mutation
  3286 | D:4      | Gained mutation: Your muscles are strong. (Str +2) [Xom's
                  | grace]
  3508 | D:4      | XOM: swap monsters
  3929 | D:4      | XOM: 2-stop teleportation journey
  4143 | D:4      | XOM: give mutations
  4143 | D:4      | Gained mutation: You have a pair of antennae on your head.
                  | [Xom's grace]
  4143 | D:4      | Gained mutation: You are strong-willed. (Will+) [Xom's
                  | grace]
  4143 | D:4      | Gained mutation: You expend magic power (3 MP) to
                  | strengthen your wands. [Xom's grace]
  4149 | D:4      | Found Ecaimimus's Armour Shoppe.
  4154 | D:4      | Bought a +1 pair of boots of stealth for 165 gold pieces
  4475 | D:5      | Entered Level 5 of the Dungeon
  4546 | D:5      | Reached skill level 5 in Fighting
  4557 | D:5      | Reached XP level 8. HP: 68/68 MP: 2/12
  4939 | D:5      | Noticed a glowing shapeshifter
  4939 | D:5      | a hound changed into a glowing shapeshifter
  4939 | D:5      | Noticed a snapping turtle
  4939 | D:5      | a glowing shapeshifter changed into a snapping turtle
  4942 | D:5      | Noticed a manticore
  4942 | D:5      | a snapping turtle changed into a manticore
  4946 | D:5      | Noticed a tarantella
  4946 | D:5      | a manticore changed into a tarantella
  4952 | D:5      | Killed a tarantella
  5006 | D:5      | XOM: god gift: plate armour {god gift}
  5144 | D:5      | XOM: summons 3 hostile shadow creatures
  5500 | D:5      | Identified the ring "Hyahitunt" {rPois rC+ Int+6 Stlth+}
                  | (Xom gifted it to you on level 5 of the Dungeon)
  5500 | D:5      | XOM: god gift: ring "Hyahitunt" {rPois rC+ Int+6 Stlth+}
  5529 | D:5      | Reached skill level 1 in Evocations
  5546 | D:5      | XOM: scenery: create altars
  5797 | D:5      | XOM: cloud trail
  5942 | D:6      | Reached skill level 6 in Fighting
  5942 | D:6      | Reached XP level 9. HP: 75/75 MP: 15/15
  6039 | D:6      | Found a staircase to the Ecumenical Temple.
  6051 | D:6      | Noticed Blork the orc
  6057 | D:6      | Killed Blork the orc
  6483 | Temple   | Entered the Ecumenical Temple
  6693 | D:6      | XOM: smoke on damage
  6741 | D:6      | XOM: god gift: 713 gold pieces
  6894 | D:7      | XOM: polymorph orc wizard -> jelly
  6899 | D:7      | XOM: scenery: create altars
  7029 | D:7      | XOM: god gift: wand of iceblast (2)
  7031 | D:7      | XOM: cloud trail
  7226 | D:7      | Found a shimmering blue altar of Sif Muna.
  7226 | D:7      | Found a sacrificial altar of Ru.
  7226 | D:7      | Found an opulent altar of Gozag.
  7246 | D:7      | Found an iron altar of Okawaru.
  7450 | D:7      | Reached skill level 7 in Fighting
  7710 | D:8      | XOM: polymorph steam dragon -> jelly
  7721 | D:8      | Noticed a two-headed ogre
  7724 | D:8      | Noticed a black mamba
  7724 | D:8      | a two-headed ogre changed into a black mamba
  7732 | D:8      | Killed a black mamba
  7990 | D:8      | XOM: fake destruction
  8011 | D:8      | Reached XP level 10. HP: 50/88 MP: 10/16
  8174 | D:8      | XOM: god gift: 22 gold pieces
  8181 | D:8      | XOM: fog
  8182 | D:8      | XOM: cast spell 'Summon Mana Viper'
  8282 | D:8      | Noticed Joseph
  8283 | D:8      | Noticed Joseph
  8283 | D:8      | Joseph changed into Joseph the blink frog
  8290 | D:8      | XOM: scenery: summon butterflies
  8292 | D:8      | Killed Joseph the blink frog
  8335 | D:8      | XOM: 3-stop teleportation journey
  8476 | D:8      | Found a staircase to the Lair.
  8576 | D:8      | XOM: give mutation
  8576 | D:8      | Gained mutation: You passively dampen the noise of your
                  | surroundings. [Xom's grace]
  8779 | D:9      | Acquired 1075 gold pieces
  8797 | D:9      | Reached skill level 8 in Fighting
  9350 | D:9      | XOM: give mutations
  9350 | D:9      | Lost mutation: You have a pair of antennae on your head.
                  | [Xom's mischief]
  9350 | D:9      | Lost mutation: You have an increased reservoir of magic.
                  | (+10% MP) [Xom's mischief]
  9350 | D:9      | Lost mutation: You have a beak for a mouth. [Xom's
                  | mischief]
  9440 | D:9      | Noticed Maurice
  9447 | D:9      | XOM: summons 10 friendly demons
  9453 | D:9      | Killed Maurice
  9454 | D:9      | Reached skill level 10 in Polearms
  9492 | D:9      | XOM: god gift: 632 gold pieces
  9515 | D:9      | XOM: chaos upgrade
  9524 | D:9      | XOM: enchant monster (good)
  9807 | D:9      | Reached skill level 9 in Fighting
  9808 | D:9      | Found a staircase to the Orcish Mines.
 10088 | D:10     | Entered Level 10 of the Dungeon
 10126 | D:10     | Found a flagged portal.
 10134 | D:10     | XOM: summons friendly quasit
 10138 | Bailey   | Entered a bailey
 10230 | Bailey   | XOM: destruction
 10252 | Bailey   | Noticed a rust devil
 10270 | Bailey   | Found an iron altar of Okawaru.
 10318 | Bailey   | Got the Catalogue of the Creative Traveller
 10418 | Bailey   | Reached XP level 11. HP: 71/99 MP: 17/17
 10427 | Bailey   | Noticed an orc knight
 10438 | Bailey   | Killed an orc knight
 10818 | D:10     | Reached skill level 10 in Fighting
 10860 | D:10     | Reached skill level 5 in Dodging
 11008 | D:10     | XOM: summons 8 friendly demons
 11025 | D:10     | XOM: divination: magic mapping
 11034 | D:10     | Reached skill level 1 in Throwing
 11090 | D:10     | Noticed a boulder beetle
 11101 | D:10     | Killed a boulder beetle
 11255 | D:10     | XOM: 1-stop teleportation journey
 11469 | D:10     | XOM: cloud trail
 11699 | D:11     | XOM: noise
 11739 | D:11     | Noticed a two-headed ogre
 11739 | D:11     | XOM: 5-stop teleportation journey
 11768 | D:11     | XOM: blink monster(s)
 11774 | D:11     | XOM: swap monsters
 11776 | D:11     | XOM: blink monster(s)
 11781 | D:11     | Reached skill level 11 in Fighting
 12090 | D:11     | Killed a two-headed ogre
 12361 | D:12     | XOM: scenery: 1 doors open
 12373 | D:12     | XOM: stat loss: -1 Dex (14/15)
 12419 | D:12     | Reached XP level 12. HP: 86/110 MP: 15/18
 12672 | D:12     | XOM: cast spell 'Chain of Chaos'
 12797 | D:12     | Found a sacrificial altar of Ru.
 12912 | D:12     | Reached skill level 12 in Fighting
 13079 | D:12     | Noticed Rupert
 13174 | D:11     | Acquired 646 gold pieces
 13318 | Lair:1   | Entered Level 1 of the Lair of Beasts
 13367 | Lair:1   | XOM: fog
 13721 | Lair:1   | XOM: enchant monster (good)
 13747 | Lair:1   | XOM: stat loss: -1 Str (16/17)
 14061 | Lair:1   | Noticed a five-headed hydra
 14067 | Lair:1   | XOM: summons friendly white imp
 14080 | Lair:1   | XOM: confusion (+ monsters)
 14089 | Lair:1   | Killed a five-headed hydra
 14292 | Lair:1   | XOM: god gift: flail {god gift}
 14501 | Lair:1   | XOM: divination: detect items
 14628 | Lair:2   | Found a runed translucent gate.
 14651 | Lair:2   | XOM: 1-stop teleportation journey
 14692 | Lair:2   | Reached skill level 13 in Fighting
 14705 | Lair:2   | XOM: confusion (+ monsters)
 14709 | Lair:2   | XOM: confuse monster(s)
 14860 | Lair:2   | Identified the ring of Midsummer {rF+ rC+ Str+6}
 14975 | Lair:2   | Found a runed translucent gate.
 14975 | Lair:2   | Found a runed translucent gate.
 14976 | Lair:2   | Noticed ouz's ghost (journeyman VSBr)
 15102 | Lair:2   | Noticed Gastronok
 15116 | Lair:2   | Killed Gastronok
 15158 | Lair:2   | Found a hole to the Spider Nest.
 15661 | Lair:3   | Reached XP level 13. HP: 122/122 MP: 15/19
 15706 | Lair:3   | XOM: scenery: 1 doors open
 15998 | Lair:3   | Found a staircase to the Swamp.
 16002 | Lair:3   | XOM: noise
 16008 | Lair:3   | XOM: enchant monster (bad)
 16571 | Lair:4   | XOM: give mutation
 16571 | Lair:4   | Lost mutation: You have a pair of small antennae on your
                  | head. [Xom's mischief]
 16999 | Lair:5   | Reached skill level 14 in Fighting
 17229 | Lair:5   | XOM: fog
 17471 | Lair:5   | You are sucked into a shaft and drop 1 floor!
 17471 | Lair:6   | Entered Level 6 of the Lair of Beasts
 17540 | Lair:6   | Reached skill level 15 in Polearms
 17627 | Lair:6   | XOM: divine lightning
 17630 | Lair:6   | XOM: polymorph water moccasin -> shapeshifter
 17729 | Lair:6   | Found a frozen archway.
 17975 | Lair:6   | XOM: stat loss: -1 Dex (14/15)
 18103 | Lair:6   | XOM: confuse monster(s)
 18118 | IceCv    | Entered an ice cave
 18145 | IceCv    | XOM: fog
 18147 | IceCv    | XOM: repel stairs
 18164 | IceCv    | XOM: noise
 18454 | IceCv    | Reached skill level 15 in Fighting
 18529 | IceCv    | XOM: summons 7 hostile demons
 18626 | IceCv    | XOM: chaos upgrade
 18856 | Lair:6   | XOM: chaos cloud
 18861 | Lair:6   | Mutation became permanent: Your large and strong wings let
                  | you fly. [Black Draconian growth]
 18861 | Lair:6   | Gained mutation: Your large and strong wings let you fly.
                  | [Black Draconian growth]
 18861 | Lair:6   | Reached XP level 14. HP: 111/135 MP: 21/21
 18869 | Lair:6   | Found a viscous altar of Jiyva.
 18869 | Lair:6   | Found a staircase to the Slime Pits.
 18869 | Lair:6   | XOM: 2-stop teleportation journey
 18985 | Lair:6   | XOM: stat loss: -1 Str (22/23)
 18987 | Lair:6   | XOM: noise
 18989 | Lair:6   | XOM: smoke on damage
 18994 | Lair:6   | XOM: noise
 19014 | Lair:6   | XOM: silly message
 19029 | Lair:6   | XOM: potion effect (magic)
 19035 | Lair:6   | XOM: cloud trail
 19166 | Lair:6   | XOM: 1-stop teleportation journey
 19169 | Lair:6   | XOM: potion effect (brilliance)
 19179 | Lair:6   | Identified the +6 war axe of the Traitor {freeze, rCorr
                  | Str+7}
 19206 | Lair:6   | XOM: divination: detect items
 19268 | Lair:6   | XOM: confuse monster(s)
 19270 | Lair:6   | XOM: fog
 19280 | Lair:6   | Reached skill level 1 in Axes
 19284 | Lair:6   | XOM: potion effect (heal wounds)
 19307 | Lair:6   | XOM: divination: magic mapping
 19322 | Lair:6   | XOM: enchant monster (bad)
 19341 | Lair:6   | XOM: enchant monster (good)
 19344 | Lair:6   | XOM: polymorph black bear -> sky beast
 19415 | Lair:6   | HP: 6/136 [death yak (9)]
 19416 | Lair:6   | XOM: divination: magic mapping
 19704 | Lair:6   | XOM: cast spell 'Cause Fear'
 20070 | Lair:6   | XOM: noise
 20072 | Lair:6   | XOM: noise
 20091 | Lair:6   | Reached skill level 16 in Fighting
 20332 | Lair:6   | XOM: cloud trail
 20563 | Orc:1    | Entered Level 1 of the Orcish Mines
 20789 | Orc:1    | XOM: 1-stop teleportation journey
 20839 | Orc:1    | Noticed a fire giant
 20843 | Orc:1    | XOM: potion effect (brilliance)
 20850 | Orc:1    | Killed a fire giant
 20851 | Orc:1    | Reached skill level 5 in Axes
 20936 | Orc:1    | Found the +8 storm bow {elec, penet}
 20951 | Orc:1    | Identified the +10 fustibalus "Ratoggu" {flame, Drain rElec
                  | rF- rN+++}
 20952 | Orc:1    | Identified the +4 war axe "Ruef" {vorpal, rElec rC+++ Dex-4
                  | Stlth-}
 20953 | Orc:1    | Identified the +6 hunting sling of Plague {venom, rF+ Int+3
                  | Dex+3}
 20956 | Orc:1    | Identified the +8 hand axe "Weimp" {pain, rF+ Dex+2}
 20991 | Orc:1    | XOM: summons 3 hostile shadow creatures
 21058 | Orc:1    | XOM: scenery: 2 doors close
 21069 | Orc:1    | XOM: scenery: 1 doors close
 21212 | Orc:1    | XOM: 2-stop teleportation journey
 21224 | Orc:1    | XOM: potion effect (brilliance)
 21254 | Orc:1    | Noticed Fannar
 21263 | Orc:1    | XOM: silly message
 21265 | Orc:1    | Killed Fannar
 21345 | Orc:1    | XOM: potion effect (berserk rage)
 21360 | Orc:1    | Cast into level 2 of the Abyss (Xom)
 21360 | Orc:1    | Escaped the Abyss
 21360 | Orc:1    | XOM: revert banishment
 21465 | Orc:1    | XOM: noise
 21468 | Orc:1    | XOM: enchant monster (bad)
 21792 | Orc:1    | XOM: confuse monster(s)
 21963 | Orc:1    | XOM: silly message
 22160 | Orc:1    | Reached XP level 15. HP: 134/145 MP: 22/22
 22371 | Orc:2    | Entered Level 2 of the Orcish Mines
 22379 | Orc:2    | Found a staircase to the Elven Halls.
 22575 | Orc:2    | XOM: polymorph orc -> adder
 22630 | Orc:2    | Noticed Saint Roka
 22638 | Orc:2    | XOM: cast spell 'Olgreb's Toxic Radiance'
 22676 | Orc:2    | XOM: noise
 22775 | Orc:2    | Killed Saint Roka
 22776 | Orc:2    | Reached skill level 17 in Fighting
 22792 | Orc:2    | XOM: divination: detect items
 22869 | Orc:2    | XOM: scenery: summon butterflies
 22893 | Orc:2    | XOM: polymorph orc knight -> orb spider
 22896 | Orc:2    | XOM: confuse monster(s)
 22900 | Orc:2    | XOM: cleaving
 22912 | Orc:2    | XOM: fake destruction
 22918 | Orc:2    | XOM: smoke on damage
 22928 | Orc:2    | XOM: scenery: create altars
 23052 | Orc:2    | XOM: cloud trail
 23151 | Orc:2    | XOM: confuse monster(s)
 23221 | Orc:2    | Reached skill level 5 in Spellcasting
 23275 | Orc:2    | XOM: enchant monster (good)
 23292 | Orc:2    | XOM: scenery: create altars
 23313 | Orc:2    | Found Gexom's General Store.
 23313 | Orc:2    | Found Alulottimn's Jewellery Emporium.
 23316 | Orc:2    | Noticed Sonja
 23328 | Orc:2    | Killed Sonja
 23329 | Orc:2    | Reached skill level 5 in Ice Magic
 23340 | Orc:2    | Bought the +9 long sword "Hoqofes" {chaos, rN++ Stlth+} for
                  | 1002 gold pieces
 23384 | Orc:2    | XOM: silly message
 23486 | Orc:2    | Noticed Erolcha
 23501 | Orc:2    | Killed Erolcha
 23576 | Orc:2    | XOM: divination: detect creatures
 23578 | Orc:2    | Found Epnyummast's General Store.
 23580 | Orc:2    | Found Uczimi Siw's Specific Store.
 23642 | Orc:2    | XOM: noise
 23671 | Orc:2    | Found Mylit's Weapon Boutique.
 23671 | Orc:2    | Found Tianath's Assorted Antiques.
 23676 | Orc:2    | Bought the +8 lance "Wyrmbane" {slay drac, rPois rF+ rC+
                  | AC+3} for 1212 gold pieces
 23676 | Orc:2    | Found the +8 lance "Wyrmbane" {slay drac, rPois rF+ rC+
                  | AC+3}
 23685 | Orc:2    | Bought a scroll of teleportation for 69 gold pieces
 23685 | Orc:2    | Bought a scroll of enchant weapon for 172 gold pieces
 23998 | D:13     | Noticed Urug
 24009 | D:13     | XOM: noise
 24015 | D:13     | Noticed Josephine
 24015 | D:13     | Killed Urug
 24020 | D:13     | XOM: blink monster(s)
 24028 | D:13     | Killed Josephine
 24039 | D:13     | Reached skill level 1 in Shields
 24049 | D:13     | Found a gate leading to a gauntlet.
 24058 | Gauntlet | XOM: noise
 24058 | Gauntlet | Entered a Gauntlet
 24058 | Gauntlet | Found a transporter.
 24124 | Gauntlet | Found a transporter.
 24126 | Gauntlet | Found a transporter.
 24148 | Gauntlet | Found a transporter.
 24151 | Gauntlet | Found a transporter.
 24155 | Gauntlet | Found a runed translucent door.
 24157 | Gauntlet | Found a runed translucent door.
 24159 | Gauntlet | Found a transporter.
 24179 | Gauntlet | Found a runed translucent gate.
 24180 | Gauntlet | Found a transporter.
 24180 | Gauntlet | Found a runed translucent gate.
 24181 | Gauntlet | Found a runed translucent gate.
 24191 | Gauntlet | Found a transporter.
 24202 | Gauntlet | Found a transporter.
 24221 | Gauntlet | Found a transporter.
 24234 | Gauntlet | Found a transporter.
 24235 | Gauntlet | Found a transporter.
 24281 | Gauntlet | Found a transporter.
 24295 | Gauntlet | Found a transporter.
 24298 | Gauntlet | Found a runed translucent door.
 24431 | Gauntlet | Identified the ring of Antygeuq {AC+4 Str+7 Dex+6 Slay-2}
 24460 | Gauntlet | XOM: confusion (+ monsters)
 24481 | Gauntlet | Identified the amulet "Usasenid" {Regen+ Dex+2}
 24507 | Gauntlet | Identified the +8 ice dragon scales "Les Mik" {Harm Drain
                  | rElec rF- rC++}
 24507 | Gauntlet | Identified the ring of Toedd {rElec rC+ Will- Dex+5 Stlth+}
 24542 | Gauntlet | Identified the +5 robe of the Evening Star {rElec Str-3
                  | Int+4 Dex+4}
 24545 | Gauntlet | Identified the +0 leather armour "Tirhao" {Str+7}
 24694 | D:13     | XOM: give mutation
 24694 | D:13     | Lost mutation: You are strong-willed. (Will+) [Xom's
                  | mischief]
 24717 | D:13     | XOM: summons 1 hostile demon
 24898 | D:13     | Noticed Kirke
 24974 | D:13     | XOM: enchant monster (bad)
 24982 | D:13     | XOM: draining
 24984 | D:13     | XOM: divination: detect items
 24993 | D:12     | XOM: enchant monster (bad)
 25028 | D:13     | XOM: 2-stop teleportation journey
 25101 | D:13     | XOM: give mutations
 25101 | D:13     | Gained mutation: You occasionally shout uncontrollably at
                  | your foes. [Xom's mischief]
 25101 | D:13     | Gained mutation: You are frail. (-10% HP) [Xom's mischief]
 25101 | D:13     | Lost mutation: Your muscles are strong. (Str +2) [Xom's
                  | mischief]
 25107 | D:13     | XOM: 2-stop teleportation journey
 25176 | D:13     | XOM: repel stairs
 25257 | D:13     | XOM: enchant monster (bad)
 25265 | D:13     | XOM: polymorph lindwurm -> deep troll
 25308 | D:13     | XOM: confusion
 25330 | D:13     | XOM: summons friendly quasit
 25338 | D:13     | XOM: enchant monster (good)
 25418 | D:14     | Found a gate to the Vaults.
 25427 | D:14     | XOM: divination: magic mapping
 25430 | D:14     | XOM: confuse monster(s)
 25436 | D:14     | Reached skill level 1 in Bows
 25445 | D:14     | XOM: enchant monster (good)
 25627 | D:14     | XOM: give mutations
 25627 | D:14     | Gained mutation: You have hidden genetic potential. [Xom's
                  | grace]
 25627 | D:14     | Gained mutation: Your flesh is cold resistant. (rC+) [Xom's
                  | grace]
 26031 | D:14     | XOM: scenery: 1 doors close
 26036 | D:14     | XOM: enchant monster (bad)
 26038 | D:14     | XOM: polymorph cyan ugly thing -> red ugly thing
 26046 | D:14     | Reached skill level 5 in Shields
 26653 | D:15     | Entered Level 15 of the Dungeon
 26730 | D:14     | Identified the +6 battleaxe "Neipn" {flame, Dex+5}
 26859 | D:15     | Reached XP level 16. HP: 81/141 MP: 23/23
 26861 | D:15     | XOM: god gift: wand of iceblast (5)
 26950 | D:15     | XOM: polymorph green ugly thing -> white ugly thing
 26954 | D:15     | XOM: scenery: summon butterflies
 26959 | D:15     | XOM: summons 8 friendly demons
 26970 | D:15     | Found Louje's Antique Armour Emporium.
 26990 | D:15     | XOM: polymorph iron imp -> lemure
 27052 | D:15     | Found a staircase to the Depths.
 27182 | Depths:1 | Entered Level 1 of the Depths
 27372 | D:15     | XOM: 2-stop teleportation journey
 27463 | D:15     | XOM: summons friendly white imp
 27551 | D:15     | XOM: god gift: 31 gold pieces
 27882 | Spider:1 | Entered Level 1 of the Spider Nest
 28135 | Spider:1 | XOM: scenery: summon butterflies
 28363 | Spider:1 | XOM: summons 2 friendly demons
 28492 | Spider:1 | Noticed Asterion
 28508 | Spider:1 | Paralysed by a jorogumo for 3 turns
 28518 | Spider:1 | XOM: confuse monster(s)
 28532 | Spider:1 | Killed Asterion
 28746 | Spider:1 | XOM: god gift: piece from Xom's chessboard (15/15)
 28950 | Spider:2 | Reached skill level 10 in Shields
 28962 | Spider:2 | Noticed Aizul
 28978 | Spider:2 | Killed Aizul
 29022 | Spider:2 | XOM: summons 3 friendly demons
 29292 | Spider:2 | XOM: cast spell 'Summon Horrible Things'
 29689 | Spider:2 | Noticed Agnes
 29698 | Spider:2 | Killed Agnes
 29795 | Spider:2 | XOM: butterfly on damage
 29954 | Spider:2 | XOM: swap monsters
 29981 | Spider:2 | Gained mutation: Your spells are a little harder to cast,
                  | but a little more powerful. [hidden potential]
 30011 | Spider:2 | XOM: 3-stop teleportation journey
 30093 | Spider:2 | Identified the +2 robe of the Lily {Slay+3}
 30270 | Spider:3 | XOM: smoke on damage
 30271 | Spider:3 | XOM: confusion
 30279 | Spider:3 | XOM: summons 1 hostile shadow creature
 30561 | Spider:4 | Entered Level 4 of the Spider Nest
 30644 | Spider:4 | XOM: summons 2 hostile shadow creatures
 30646 | Spider:4 | XOM: god gift: 61 gold pieces
 30650 | Spider:4 | XOM: cast spell 'Call Canine Familiar'
 30723 | Spider:3 | Noticed Mara
 30739 | Spider:3 | XOM: summons friendly crimson imp
 30740 | Spider:3 | XOM: silly message
 30743 | Spider:3 | Mangled by Mara

Illustrated notes

Levels and vault maps discovered:
D:1:      tarquinn_simple_flora_water_e, layout_loops_ring
D:2:      layout_basic, serial_shops, shop,
          hellmonk_ecumenical_altar_pennies_from_heaven, minmay_unequal
D:3:      layout_rooms, nicolae_tso_swordbearing_angel,
          mainiacjoe_overflow_boulevard, serial_shops, shop
D:4:      layout_layer_cave, serial_shops,
          nicolae_shop_temple_entry_statues_fountains, uniq_pikel
D:5:      layout_loops_ring
D:6:      layout_basic, temple_green, uniq_blork_the_orc
D:7:      layout_gridville, nicolae_overflow_quartered_altars
D:8:      layout_rooms, lair_entry_dummy, uniq_joseph
D:9:      layout_roguey, erik_orc_4, uniq_maurice
D:10:     layout_basic, enter_bailey_4, grunt_decor_cap
D:11:     layout_basic
D:12:     layout_basic, nicolae_ru_the_path_less_chosen, uniq_rupert
D:13:     layout_basic, gauntlet_entry_generic, uniq_josephine, uniq_kirke,
          uniq_urug
D:14:     layout_gridville, david_vaults_3, nrook_campfire
D:15:     hangedman_depths_entry_civil_slaughter, layout_basic,
          chequers_serial_rivers_micro_b, serial_shops, shop, nzn_life_drinkers
Temple:   regret_index_temple_sphere_string
Lair:1:   beast_lair_carwin_large_3, layout_layer_cave
Lair:2:   layout_regular_city, dummy_spider_entry, gammafunk_ghost_necromancy,
          st_stairs_7, chequers_serial_rivers_large_a, uniq_gastronok
Lair:3:   layout_roguey, minmay_swamp_entry_swarm, st_stairs_13
Lair:4:   layout_hall_layers, serial_bayou, serial_bayou_lagoon_a,
          serial_bayou_pond_a, serial_bayou_pond_d, serial_bayou_pond_d,
          serial_bayou_pond_a, serial_bayou_pond_e
Lair:5:   layout_hall_layers, lemuel_old_faithful
Lair:6:   hangedman_lair_caniforms_friends, layout_gridlike, slime_altar_1,
          portal_ice_cave_entry_ice_simulacra
Spider:1: layout_spider_delve, uniq_asterion
Spider:2: layout_spider_delve, drop_trap, hellmonk_motheaten_closet, uniq_agnes,
          uniq_aizul
Spider:3: layout_spider_delve, uniq_arachne, uniq_mara
Spider:4: spider_rune_water
Orc:1:    giant_chief_lemuel, layout_caves, uniq_fannar
Orc:2:    st_orc_town, layout_diamond_mine, nicolae_specific_store,
          uniq_erolcha, uniq_saint_roka, uniq_sonja
Depths:1: layout_cave_shapes, lightli_too_deep, marbit_kobold_abyss_entry,
          ebering_dispersal_statue_hall, lightli_giant_bouncers

Skill      XL: |  1  2  3  4  5  6  7  8  9 10 11 12 13 14 15 16 |
---------------+-------------------------------------------------+-----
Long Blades    | 4 |  4.9
Polearms       | 2 5 6 7 9 10 12 14 15 16 | 16.7
Fighting       | 4 5 6 7 9 11 13 15 16 17 | 17.8
Spellcasting   | 1 2 3 4 5 |  5.0
Hexes          | 1 2 3 4 |  4.8
Ice Magic      | 1 2 3 4 5 |  5.0
Dodging        | 3 4 6 7 8 9 |  9.7
Evocations     | 1 2 3 4 |  4.6
Throwing       | 1 2 |  2.5
Axes           | 5 |  5.4
Shields        | 6 12 | 12.6
Bows           | 2 |  2.0
Unarmed Combat | |  0.7

Action                   |  1- 3 |  4- 6 |  7- 9 | 10-12 | 13-15 | 16-18 || total
-------------------------+-------+-------+-------+-------+-------+-------++-------
Melee: Falchion          |    90 |       |       |       |       |       ||    90
       Tailslap          |     8 |     6 |    23 |    77 |   237 |    66 ||   417
       Halberd           |    31 |    63 |   213 |   573 |  1023 |   352 ||  2255
       Kick              |     3 |    12 |     4 |       |       |       ||    19
       Peck              |       |     1 |    27 |     5 |       |       ||    33
       Trident           |       |       |       |    11 |    54 |       ||    65
       War axe           |       |       |       |       |   171 |       ||   171
       Punch             |       |       |       |       |     3 |       ||     3
       Long sword        |       |       |       |       |   126 |       ||   126
       Unarmed           |       |       |       |       |    18 |       ||    18
       Battleaxe         |       |       |       |       |    12 |    45 ||    57
 Fire: Longbow           |       |       |       |       |    30 |     8 ||    38
Throw: Javelin           |       |       |       |    33 |     1 |       ||    34
       Throwing net      |       |       |       |     2 |       |     1 ||     3
 Cast: Ensorcelled Hiber |     2 |    12 |    33 |    30 |    28 |       ||   105
 Abil: Breathe Lightning |       |       |     6 |     4 |     9 |       ||    19
Evoke: Piece from Xom's  |       |     2 |    16 |     7 |    10 |     6 ||    41
       Wand              |       |       |    10 |     8 |    31 |    29 ||    78
       Condenser vane    |       |       |       |     1 |     2 |     3 ||     6
       Box of beasts     |       |       |       |       |     4 |     1 ||     5
       Phantom mirror    |       |       |       |       |     4 |     2 ||     6
  Use: Scroll            |     9 |     2 |     6 |    19 |    15 |     8 ||    59
       Potion            |       |     5 |     1 |       |     5 |     2 ||    13
 Stab: Sleeping          |     6 |     6 |    22 |    34 |    44 |    15 ||   127
       Distracted        |       |       |     1 |       |     7 |     2 ||    10
       Confused          |       |       |       |     2 |    24 |     7 ||    33
       Paralysed         |       |       |       |     2 |     3 |     1 ||     6
       Petrified         |       |       |       |     1 |     7 |       ||     8
       Petrifying        |       |       |       |     2 |     4 |       ||     6
       Held in net/web   |       |       |       |     1 |       |       ||     1
       Fleeing           |       |       |       |       |       |     1 ||     1
Armor: Skin              |    31 |    16 |    71 |   173 |   574 |   174 ||  1039
Dodge: Dodged            |    79 |    40 |   125 |   288 |  1097 |   353 ||  1982
Block: Tower shield      |       |       |       |       |    71 |       ||    71
       Kite shield       |       |       |       |       |    55 |       ||    55

Table legend: (Time is in decaauts)
 A = Elapsed time spent in this place.
 B = Non-inter-level travel time spent in this place.
 C = Inter-level travel time spent in this place.
 D = Time resting spent in this place.
 E = Time spent auto-exploring this place.
 F = Levels seen in this place.
 G = Mean time per level.
                   A        B        C        D        E       F      G
               +--------+--------+--------+--------+--------+-----+--------+
         Total |  30516 |  29232 |   1284 |   4571 |  17121 |  33 |  924.7 |
       Dungeon |  16189 |  15358 |    831 |   2041 |  10154 |  15 | 1079.3 |
        Temple |    145 |    137 |      8 |      0 |    124 |   1 |  145.0 |
          Lair |   6489 |   6298 |    191 |    745 |   3996 |   6 | 1081.5 |
   Spider Nest |   2706 |   2671 |     35 |    942 |   1006 |   4 |  676.5 |
  Orcish Mines |   3173 |   2957 |    216 |    376 |   1475 |   2 | 1586.5 |
        Depths |      1 |      1 |      0 |      0 |      0 |   1 |    1.0 |
         Abyss |      0 |      0 |      0 |      0 |      0 |   1 |    0.0 |
        Bailey |    664 |    664 |      0 |    116 |    173 |   1 |  664.0 |
      Ice Cave |    662 |    662 |      0 |    292 |     34 |   1 |  662.0 |
      Gauntlet |    483 |    483 |      0 |     58 |    159 |   1 |  483.0 |
               +--------+--------+--------+--------+--------+-----+--------+

Top non-repeatable levels by time:
  Lair:6: 2046 daAuts
   Orc:1: 1833 daAuts
     D:4: 1669 daAuts
     D:5: 1356 daAuts
   Orc:2: 1340 daAuts
  Lair:1: 1313 daAuts
Spider:2: 1271 daAuts
    D:14: 1270 daAuts
     D:8: 1223 daAuts
     D:9: 1155 daAuts
     D:7: 1073 daAuts
     D:3: 1041 daAuts
Spider:1: 1039 daAuts
    D:13: 1028 daAuts
    D:10: 1012 daAuts
